 Dungeon Crawl Stone Soup version 0.27-a0-1140-g099f9bb0e8 (webtiles) character file.

Game seed: 12846669946515080504

35 leviel the Covered (level 3, -7/33 HPs)
             Began as a Minotaur Fighter on May 9, 2021.
             Mangled by Terence
             ... wielding a +0 flail
              (13 damage)
             ... on level 2 of the Dungeon.
             The game lasted 00:00:53 (968 turns).

leviel the Covered (Minotaur Fighter)                Turns: 968, Time: 00:00:54

Health: -7/33      AC:  7    Str: 21    XL:     3   Next: 17%
Magic:  2/2        EV:  7    Int:  5    God:
Gold:   51         SH:  9    Dex:  9    Spells: 2/2 levels left

rFire    + . .     SeeInvis .   a - +0 war axe
rCold    . . .     Faith    .   c - +0 kite shield
rNeg     . . .     Spirit   .   b - +0 scale mail
rPois    .         Reflect  .   (helmet restricted)
rElec    .         Harm     .   (no cloak)
rCorr    .         Rampage  .   (no gloves)
Will     .....                  (no boots)
Stlth    ..........             (no amulet)
HPRegen  0.11/turn              f - ring of protection from fire
MPRegen  0.08/turn              (no ring)

@: mighty
A: horns 2, retaliatory headbutt
a: no special abilities


You were on level 2 of the Dungeon.
You visited 1 branch of the dungeon, and saw 2 of its levels.

You collected 51 gold pieces.

Inventory:

Hand Weapons
 a - a +0 war axe (weapon)
Armour
 b - a +0 scale mail (worn)
 c - a +0 kite shield (worn)
Jewellery
 f - a ring of protection from fire (left hand)
Scrolls
 e - a scroll of silence {unknown}
 h - 2 scrolls of identify {unknown}
 i - a scroll of enchant armour {unknown}


   Skills:
 + Level 4.1 Fighting
 * Level 3.1 Axes
 + Level 4.1 Armour
 + Level 4.0 Shields


You had 2 spell levels left.
You didn't know any spells.
Your spell library contained the following spells:

 Spells                   Type           Power      Damage    Failure   Level
 Animate Skeleton         Necr           0%         N/A       99%         1
 Apportation              Tloc           0%         N/A       99%         1
 Corona                   Hex            0%         N/A       99%         1
 Summon Small Mammal      Summ           0%         N/A       99%         1


Dungeon Overview and Level Annotations

Branches:
Dungeon (2/15)

Altars:

Annotations:
D:2 Terence


Innate Abilities, Weirdness & Mutations

You have a pair of horns on your head.
You reflexively headbutt those who attack you in melee.


Message History

You block Terence's attack.
Terence drinks a potion.
Terence goes berserk!
You hit Terence.
Terence is lightly wounded.
Terence barely misses you. You block Terence's attack.
You closely miss Terence. You headbutt Terence, but do no damage.
Terence is lightly wounded.
You block Terence's attack. Terence hits you with a +0 flail!
You completely miss Terence. You headbutt Terence.
Terence is lightly wounded.
You block Terence's attack. Terence hits you with a +0 flail!
* * * LOW HITPOINT WARNING * * *
Terence barely misses you. You furiously retaliate!
You headbutt Terence, but do no damage.
You are too injured to fight recklessly!
You are too injured to fight recklessly!
You are too injured to fight recklessly!
You are too injured to fight recklessly!
You are too injured to fight recklessly!
You are too injured to fight recklessly!
You are too injured to fight recklessly!
You are too injured to fight recklessly!
There are no items here.
Throw: throwing net
Press: ? - help, Q - select action Shift-Dir - straight line, f - Terence
Aim: Terence, wielding a +0 flail and wearing a +0 scale mail (lightly wounded, berserk, 60% to hit)
You throw a throwing net. The throwing net hits Terence.
Terence is caught in the net!
Terence is lightly wounded.
Terence struggles against the net. x2
You strike the helpless Terence from behind!
You hit Terence.
Terence is moderately wounded.
Terence struggles against the net.
The net rips apart, and Terence comes free!
Terence hits you with a +0 flail.
* * * LOW HITPOINT WARNING * * *
You feel very mighty all of a sudden. Terence closely misses you.
You furiously retaliate!
You headbutt Terence! Terence hits you with a +0 flail!
You die...

##...♣PP.♣≈.≈P♣♣≈P##
#..#♣♣♣♣♣≈≈P ♣♣♣##
#..# ♣♣≈♣ ♣♣..#
###..## #♣ ≈.♣ .....#
#.....# #. ♣≈♣♣.....#
#.###.###.♣♣.P♣.....#
#......##...........#
#####..##...........#
#...#...@@...."..
#.#.###'########.
...#......####
##..##..#.....#
#..##..#........
.......#.###.###
#.#####.#.# +# #.
....# ##..#


You could see Terence (berserk).

Vanquished Creatures
  2 dart slugs
  3 bats (D:1)
  2 endoplasms (D:1)
  2 giant cockroaches (D:1)
  3 goblins (D:1)
  2 hobgoblins
  3 jackals (D:1)
  3 kobolds (D:1)
  A quokka (D:1)
  3 ball pythons (D:1)
  2 frilled lizards (D:1)
  2 rats (D:1)
28 creatures vanquished.

Vanquished Creatures (others)
  3 plants (D:2)
3 creatures vanquished.

Grand Total: 31 creatures vanquished

Notes
Turn   | Place    | Note
-------+----------+-------------------------------------------
     0 | D:1      | leviel the Minotaur Fighter began the quest for the Orb.
     0 | D:1      | Reached XP level 1. HP: 19/19 MP: 0/0
   167 | D:1      | Reached XP level 2. HP: 18/27 MP: 1/1
   518 | D:1      | Reached XP level 3. HP: 33/33 MP: 2/2
   705 | D:1      | Found a faded altar of an unknown god.
   958 | D:2      | Noticed Terence
   968 | D:2      | Mangled by Terence

Illustrated notes

Levels and vault maps discovered:
D:1:      lightli_arrival_farm, layout_rooms,
          chequers_ecumenical_altar_simple_redux
D:2:      layout_basic, serial_bayou, serial_bayou_crossing,
          serial_bayou_lagoon_b, serial_bayou_lake_a, serial_bayou_pond_d,
          chequers_serial_rivers_marsh, uniq_terence, uniq_robin, uniq_sigmund

Skill      XL: |  1  2 |
---------------+-------+-----
Fighting       | 4 |  4.1
Armour         | 4 |  4.1
Shields        | 4 |  4.0
Axes           | 3 |  3.1

Action                   || total
-------------------------++-------
Melee: War axe           ||    67
       Headbutt          ||    10
Throw: Throwing net      ||     1
  Use: Potion            ||     1
 Stab: Held in net/web   ||     1
Armor: Scale mail        ||    32
Dodge: Dodged            ||    15
Block: Kite shield       ||    36

Table legend: (Time is in decaauts)
 A = Elapsed time spent in this place.
 B = Non-inter-level travel time spent in this place.
 C = Inter-level travel time spent in this place.
 D = Time resting spent in this place.
 E = Time spent auto-exploring this place.
 F = Levels seen in this place.
 G = Mean time per level.
                   A        B        C        D        E       F      G
               +--------+--------+--------+--------+--------+-----+--------+
         Total |   1036 |   1015 |     21 |      0 |    834 |   2 |  518.0 |
       Dungeon |   1036 |   1015 |     21 |      0 |    834 |   2 |  518.0 |
               +--------+--------+--------+--------+--------+-----+--------+

Top non-repeatable levels by time:
     D:1: 886 daAuts
     D:2: 150 daAuts
